 Dungeon Crawl Stone Soup version 0.24.0-123-gd5b16e6ec5 (webtiles) character file.

Game seed: 13626846763398030399, levelgen mode: deterministic

37 Elellon the Cudgeler (level 3, -3/23 HPs)
             Began as a Gargoyle Fighter on Jan 11, 2020.
             Slain by a shadow imp (4 damage)
             ... summoned by Natasha
             ... on level 2 of the Dungeon.
             The game lasted 00:00:51 (920 turns).

Elellon the Cudgeler (Gargoyle Fighter)              Turns: 920, Time: 00:00:52

Health: -3/23      AC: 10    Str: 20    XL:     3   Next: 39%
Magic:  3/3        EV:  7    Int:  8    God:
Gold:   51         SH:  9    Dex:  9    Spells: 2/2 levels left

rFire    . . .     SeeInvis .   a - +0 flail
rCold    . . .     Gourm    .   c - +0 shield
rNeg     + . .     Faith    .   b - +0 scale mail
rPois    ∞         Spirit   .   (no helmet)
rElec    +         Reflect  .   (no cloak)
rCorr    .         Harm     .   (no gloves)
MR       .....                  (no boots)
Stlth    ..........             (no amulet)
HPRegen  0.07/turn              (no ring)
MPRegen  0.08/turn              (no ring)

@: slowed, very slow
A: negative energy resistance 1, electricity resistance, unbreathing,
petrification resistance, rot immunity, AC +3
a: no special abilities


You were on level 2 of the Dungeon.
You were not hungry.

You visited 1 branch of the dungeon, and saw 2 of its levels.

You collected 51 gold pieces.

Inventory:

Hand Weapons
 a - a +0 flail (weapon)
Armour
 b - a +0 scale mail (worn)
 c - a +0 shield (worn)
Scrolls
 h - 2 scrolls of identify {unknown}
 i - a scroll of enchant weapon {unknown}
 l - a scroll of magic mapping {unknown}
Potions
 d - a potion of might
 e - a potion of invisibility {unknown}
 g - a potion of degeneration {unknown}
 j - a potion of agility {unknown}
 k - a potion of lignification {unknown}
Comestibles
 f - 2 rations


   Skills:
 - Level 3.2 Fighting
 + Level 3.7 Maces & Flails
 - Level 3.2 Armour
 - Level 3.2 Shields


You had 2 spell levels left.
You didn't know any spells.
Your spell library was empty.

Dungeon Overview and Level Annotations

Branches:
Dungeon (2/15)

Altars:

Annotations:
D:2 Natasha, Sigmund, Terence


Innate Abilities, Weirdness & Mutations

You are resistant to torment.
Your stone body is resilient. (AC +3)
You are immune to poison.
You resist negative energy. (rN+)
You are resistant to electric shocks. (rElec)
You can survive without breathing.
You are immune to petrification.
You are immune to rotting.


Message History

You are too injured to fight recklessly!
You are too injured to fight recklessly!
You are too injured to fight recklessly!
You barely miss Natasha.
Natasha is almost dead.
The shadow imp hits you. Natasha claws you.
* * * LOW HITPOINT WARNING * * *
The shadow imp barely misses you.
You barely miss Natasha.
Natasha is almost dead.
You block Natasha's attack.
The shadow imp hits you but does no damage.
Natasha barely misses you.
The shadow imp shouts, "Accept thy fall, thou infectious fob-snatching dewberry!"
You block the shadow imp's attack. You block the shadow imp's attack.
Natasha claws you.
* * * LOW HITPOINT WARNING * * *
There is a stone staircase leading up here.
The shadow imp hits you.
You die...

..## ... ... #
#.# .# ##
#.##.##..
###......
...##....#.##.#
.......h@)....#
..###..5†#.#....
#.....# .. .
#.....# ...
.......# ...
####....# (.
#....# . ######


You could see Natasha and a shadow imp.

Vanquished Creatures
  Natasha (D:2)
  A bat (D:1)
  A giant cockroach (D:1)
  A goblin (D:1)
  4 kobolds
  A ball python (D:2)
  4 rats
13 creatures vanquished.

Notes
Turn   | Place    | Note
-------+----------+-------------------------------------------
     0 | D:1      | Elellon the Gargoyle Fighter began the quest for the Orb.
     0 | D:1      | Reached XP level 1. HP: 14/14 MP: 1/1
   488 | D:1      | Reached XP level 2. HP: 19/19 MP: 2/2
   633 | D:2      | Noticed Sigmund
   634 | D:2      | Noticed Natasha
   636 | D:2      | Noticed Terence
   640 | D:2      | Noticed a crimson imp
   643 | D:2      | Killed Natasha
   643 | D:2      | Reached XP level 3. HP: 8/23 MP: 3/3
   905 | D:2      | Noticed Natasha
   919 | D:2      | HP: 1/23 [Natasha (5)]
   920 | D:2      | Slain by a shadow imp

Levels and vault maps discovered:
D:1:      dpeg_arrival_rooms_c, layout_basic
D:2:      layout_basic, uniq_terence, uniq_natasha, uniq_sigmund

Skill      XL: |  1  2 |
---------------+-------+-----
Maces & Flails | 3 |  3.7
Fighting       | |  3.2
Armour         | |  3.2
Shields        | |  3.2

Action                   || total
-------------------------++-------
Melee: Flail             ||    53
Armor: Scale mail        ||    47
Dodge: Dodged            ||    22
Block: Shield            ||    45
